 Dungeon Crawl Stone Soup version 0.31-a0-145-g046c7d2549 (webtiles) character file.

Game seed: 7882385297401588072

106 qw the Shooter (level 4, -1/38 HPs)
             Began as a Minotaur Hunter on June 7, 2023.
             Slain by a gnoll
             ... wielding a +0 halberd
              (12 damage)
             ... on level 4 of the Dungeon.
             The game lasted 00:00:45 (2441 turns).

qw the Shooter (Minotaur Hunter)                    Turns: 2441, Time: 00:00:46

Health: -1/38      AC:  6    Str: 15    XL:     4   Next: 55%
Magic:  3/3        EV: 11    Int:  6    God:
Gold:   185        SH:  0    Dex: 16    Spells: 3/3 levels left

rFire   . . .        Y - +0 shortbow
rCold   . . .        (shield currently unavailable)
rNeg    . . .        b - +0 ring mail
rPois   .            (helmet restricted)
rElec   .            h - +0 cloak
rCorr   .            (no gloves)
SInv    .            (no boots)
Will    .....        (no amulet)
Stlth   +            (no ring)
HPRegen 0.26/turn    (no ring)
MPRegen 0.08/turn

%: no passive effects
@: no status effects
A: horns 2, retaliatory headbutt
a: no special abilities


You were on level 4 of the Dungeon.
You visited 1 branch of the dungeon, and saw 4 of its levels.

You collected 185 gold pieces.


Innate Abilities, Weirdness & Mutations

You have a pair of horns on your head.
You reflexively headbutt those who attack you in melee.


   Skills:
 + Level 3.3 Fighting
 - Level 6.0 Ranged Weapons
 - Level 1.6 Armour
 - Level 2.1 Dodging
 - Level 0.7 Stealth


You had 3 spell levels left.
You didn't know any spells.
Your spell library was empty.

Inventory:

Hand Weapons
 Y - a +0 shortbow (weapon)
Armour
 b - a +0 ring mail (worn)
 h - a +0 cloak (worn)
Scrolls
 a - 2 scrolls of teleportation
Potions
 d - a potion of invisibility {unknown}
 f - 3 potions of curing
 i - a potion of haste {unknown}
 j - a potion of heal wounds

Dungeon Overview and Level Annotations

Branches:
Dungeon (4/15)
 Temple: D:4-7

Altars:
Fedhas
Hepliaklqana
Vehumet


Message History

Enter note:
Enter note:
Enter note:
Enter note:
Enter note: You shoot an arrow.
The arrow barely misses the gnoll.
You shoot an arrow.
The arrow hits the gnoll but does no damage.
The gnoll hits you with a +0 flail.
You shoot an arrow.
The arrow hits the gnoll but does no damage.
A gnoll comes into view. It is wielding a +0 halberd.
The gnoll hits you with a +0 flail.
You shoot an arrow. The arrow hits the gnoll!
The gnoll is severely wounded.
The gnoll closely misses you.
A gnoll comes into view. It is wielding a +0 halberd.
You shoot an arrow. The arrow barely misses the gnoll.
The gnoll hits you with a +0 flail.
The gnoll hits you from afar with a +0 halberd.
The gnoll hits you but does no damage. The gnoll closely misses you.
You shoot an arrow. The arrow barely misses the gnoll.
The gnoll barely misses you.
The gnoll hits you from afar with a +0 halberd.
You shoot an arrow. The arrow hits the gnoll!
You kill the gnoll!
The gnoll hits you from afar with a +0 halberd.
You shoot an arrow.
The arrow hits the gnoll but does no damage.
The gnoll barely misses you.
You shoot an arrow. The arrow closely misses the gnoll.
The gnoll closely misses you.
You shoot an arrow. The arrow hits the gnoll!
The gnoll is heavily wounded.
The gnoll closely misses you.
The gnoll hits you from afar with a +0 halberd!
You shoot an arrow. The arrow hits the gnoll.
The gnoll is severely wounded.
The gnoll hits you from afar with a +0 halberd!
You die...

#.....#..# #....
#.....#..# #....
#.....#..# #.... #..#
#.... #..# #.... #..#
### #####.# #..####
...#####.###.#
#.....#gg..#..........
#....@)....#..........
#.....#...<#..........
#.....# ...#..........
#...### ..######.###.
#...# ... #####. #?...
.. #..... #.... .
#..... #.... #.....
#..##.


You could see 2 gnolls.

Vanquished Creatures
  A statue (D:3)
  A gnoll (D:4)
  2 adders (D:3)
  A dart slug (D:3)
  2 orcs (D:3)
  3 ball pythons
  5 bats
  5 endoplasms
  4 giant cockroaches
  6 goblins
  4 hobgoblins
  4 kobolds
  2 quokkas (D:3)
  3 frilled lizards (D:1)
  5 rats
48 creatures vanquished.

Notes
Turn   | Place    | Note
-------+----------+-------------------------------------------
     0 | D:1      | qw the Minotaur Hunter began the quest for the Orb.
     0 | D:1      | Reached XP level 1. HP: 18/18 MP: 0/0
     0 | D:1      | 0 ||| qw: Version: 0.2-a-117-gc6b5c8b
     0 | D:1      | 0 ||| qw: Game counter: 2446
     0 | D:1      | 0 ||| qw: Always use a shield: true
     0 | D:1      | 0 ||| qw: God list: Okawaru
     0 | D:1      | 0 ||| qw: Allow faded altars: false
     0 | D:1      | 0 ||| qw: Do Orc after D:15 true
     0 | D:1      | 0 ||| qw: Do second Lair branch before Depths: true
     0 | D:1      | 0 ||| qw: Lair rune preference: random
     0 | D:1      | 0 ||| qw: Plans: Normal
     0 | D:1      | 0 ||| PLANNING D:1-11
   179 | D:1      | Reached XP level 2. HP: 23/25 MP: 1/1
   354 | D:1      | Reached skill level 5 in Ranged Weapons
   544 | D:1      | Reached skill level 3 in Fighting
   639 | D:1      | Found a faded altar of an unknown god.
   863 | D:1      | 863 ||| UPGRADING to +0 cloak.
   868 | D:1      | 868 ||| READING 2 scrolls labelled VUBLUD VECUERO.
   872 | D:1      | 872 ||| READING scroll labelled VIXTOK INAID.
   873 | D:1      | 873 ||| READING scroll labelled DEINKO JEIV.
   974 | D:1      | 974 ||| READING scroll labelled YGIXTU DILYIWO.
   975 | D:1      | 975 ||| DRINKING 3 metallic clear potions.
   976 | D:1      | 976 ||| DROPPING scroll of butterflies.
  1070 | D:2      | Reached XP level 3. HP: 31/31 MP: 2/2
  1440 | D:2      | 1440 ||| READING scroll labelled VUXTIA INYSTRI.
  1441 | D:2      | 1441 ||| DRINKING 2 glowing silvery potions.
  1740 | D:3      | Reached skill level 6 in Ranged Weapons
  1740 | D:3      | Reached XP level 4. HP: 36/38 MP: 3/3
  1761 | D:3      | Found a radiant altar of Vehumet.
  1761 | D:3      | Noticed a frost-covered statue
  1773 | D:3      | Killed a frost-covered statue
  1774 | D:3      | Reached skill level 1 in Armour
  2121 | D:3      | Found a hazy altar of Hepliaklqana.
  2215 | D:3      | 2215 ||| UPGRADING to +0 ring mail.
  2225 | D:3      | 2225 ||| DROPPING +0 leather armour.
  2226 | D:3      | 2226 ||| READING scroll labelled NEALUA DIHUE.
  2227 | D:3      | 2227 ||| READING scroll labelled GACZOT ELUOMP.
  2228 | D:3      | 2228 ||| READING scroll labelled TAUNUH WUTA.
  2248 | D:4      | 2248 ||| PLANNING OSSUARY
  2381 | D:4      | Found a blossoming altar of Fedhas.
  2441 | D:4      | Slain by a gnoll

Levels and vault maps discovered:
D:1:      matt_arrival_grand_opening, layout_basic, basic_ecumenical_altar,
          minmay_misc_feat_roman
D:2:      layout_rooms
D:3:      layout_loops_ring, vehumet_statue, nzn_hepliaklqana_mist_gate
D:4:      layout_gridville, fedhas_altar_3, enter_ossuary_2

Skill      XL: |  1  2  3  4 |
---------------+-------------+-----
Ranged Weapons | 5 6 |  6.0
Fighting       | 3 |  3.3
Armour         | 1 |  1.6
Dodging        | |  2.1
Stealth        | |  0.7

Action                     |  1- 3 |  4- 6 || total
---------------------------+-------+-------++-------
   Fire: Shortbow          |   126 |    32 ||   158
    Use: Scroll            |     5 |     3 ||     8
         Potion            |     2 |       ||     2
 Armour: Leather armour    |    11 |       ||    11
         Ring mail         |       |     1 ||     1
  Dodge: Dodged            |    38 |     7 ||    45

Table legend:
 A = Non-vault XP
 B = Vault XP
 C = Vault XP percentage of total XP
 D = Non-vault monster count
 E = Vault monster count
 F = Vault count percentage of total count
                 A         B        C        D         E       F
            +---------+---------+-------+---------+---------+-------
      Total |     120 |      32 |  21.1 |      47 |       1 |   2.1
            +---------+---------+-------+---------+---------+-------
        D:1 |      33 |       0 |   0.0 |      19 |       0 |   0.0
        D:2 |      19 |       0 |   0.0 |      11 |       0 |   0.0
        D:3 |      53 |      32 |  37.6 |      16 |       1 |   5.9
        D:4 |      15 |       0 |   0.0 |       1 |       0 |   0.0
            +---------+---------+-------+---------+---------+-------
